 Dungeon Crawl Stone Soup version 0.27-a0-277-g024f7ef292 (webtiles) character file.

Game seed: 10845207848279321227

466 Borgoz the Skirmisher (level 7, -7/59 HPs)
             Began as a Ghoul Gladiator on Feb 5, 2021.
             Killed by divine providence
             ... invoked by an orc priest
              (11 damage)
             ... on level 4 of the Dungeon.
             The game lasted 00:05:22 (4603 turns).

Borgoz the Skirmisher (Ghoul Gladiator)             Turns: 4603, Time: 00:05:23

Health: -7/59      AC:  7    Str: 18    XL:     7   Next: 8%
Magic:  6/6        EV: 13    Int:  3    God:
Gold:   242        SH:  6    Dex: 12    Spells: 6/6 levels left

rFire    . . .     SeeInvis .   b - +3 dagger
rCold    + . .     Faith    .   c - +2 buckler
rNeg     + + +     Spirit   .   e - +0 leather armour {rPois}
rPois    ∞         Reflect  .   i - +2 hat
rElec    .         Harm     .   (no cloak)
rCorr    .         Rampage  .   (no gloves)
Will     .....                  l - +1 pair of boots
Stlth    +.........             (no amulet)
HPRegen  0.00/turn              (no ring)
MPRegen  0.10/turn              (no ring)

@: no status effects
A: claws 1, cold resistance 1, negative energy resistance 3, inhibited
regeneration, torment resistance, unbreathing
a: no special abilities


You were on level 4 of the Dungeon.
You visited 1 branch of the dungeon, and saw 5 of its levels.

You collected 242 gold pieces.

Inventory:

Hand Weapons
 a - a +0 long sword
 b - a +3 dagger (weapon)
 d - a +2 short sword of electrocution
Armour
 c - a +2 buckler (worn)
 e - a +0 leather armour of poison resistance (worn)
 i - a +2 hat (worn)
 l - a +1 pair of boots (worn)
Jewellery
 f - a cursed ring of teleportation {unknown}
Potions
 h - 3 potions of flight


   Skills:
 + Level 4.2 Fighting
 + Level 3.9 Long Blades
 - Level 1.7 Throwing
 + Level 2.6 Armour
 + Level 4.0 Dodging
 + Level 2.2 Shields


You had 6 spell levels left.
You didn't know any spells.
Your spell library was empty.

Dungeon Overview and Level Annotations

Branches:
Dungeon (5/15)
 Temple: D:4-7

Altars:
Ashenzari
Cheibriados
Elyvilon
Hepliaklqana
Zin
The Shining One


Innate Abilities, Weirdness & Mutations

You thrive by killing the living.
You are immune to poison.
You have sharp fingernails.
Your flesh is cold resistant. (rC+)
You are immune to negative energy. (rN+++)
You do not regenerate when monsters are visible.
You are immune to unholy pain and torment.
You can survive without breathing.


Message History

You hit the orc priest.
The orc priest is almost dead.
The orc priest closely misses you.
You hit the orc priest.
You kill the orc priest!
You feel better. The orc priest barely misses you.
Things that are here:
a +2 short sword of electrocution; an orc corpse
d - a +2 short sword of electrocution The orc priest closely misses you.
You hit the orc priest.
The orc priest is moderately wounded.
The orc priest calls down the wrath of Beogh upon you.
Beogh smites you!
* * * LOW HITPOINT WARNING * * *
Okay, then.
The orc priest calls down the wrath of Beogh upon you.
Beogh smites you!
You die...

####.#########.#...# #
#.......# #.#.#.###
#.##.##.######...#...#
#.##.#.........#####.#
#.##.........#...#...######
####.###........#.#.#.####....
#........((.......#.....oo....
#.#####........o####..####....
#.##.......).@..####..# ####o
#.##.##.#..<..........# #.
#.##.##.#############.# #.
#.......####### #.# #.
####.##..)....# #.# #o
#.##.#####.# #.# #o
#.##.#...#.#######.#######o
#..............†>..##......
####........#########..#...


You could see an orc priest.

Vanquished Creatures
  2 ogres (D:4)
  An orc priest (D:4)
  A hound (D:4)
  3 orc wizards
  2 worker ants (D:4)
  3 adders
  3 worms
  4 dart slugs
  4 leopard geckos
  10 orcs
  6 bats
  2 giant cockroaches
  6 goblins
  4 hobgoblins
  6 jackals
  5 kobolds
  3 quokkas
  2 ball pythons
  3 frilled lizards
  7 rats
77 creatures vanquished.

Notes
Turn   | Place    | Note
-------+----------+-------------------------------------------
     0 | D:1      | Borgoz the Ghoul Gladiator began the quest for the Orb.
     0 | D:1      | Reached XP level 1. HP: 17/17 MP: 0/0
   225 | D:1      | Reached XP level 2. HP: 25/25 MP: 1/1
   506 | D:1      | Reached skill level 1 in Armour
   506 | D:1      | Reached XP level 3. HP: 18/30 MP: 2/2
  1372 | D:2      | You fall into a shaft and drop 1 floor!
  1446 | D:3      | Reached XP level 4. HP: 36/37 MP: 3/3
  2590 | D:3      | Reached XP level 5. HP: 41/45 MP: 4/4
  2590 | D:3      | Found a broken altar of Ashenzari.
  2653 | D:3      | Reached skill level 1 in Shields
  2818 | D:3      | Found a white marble altar of Elyvilon.
  2818 | D:3      | Found a glowing golden altar of the Shining One.
  2819 | D:3      | Found a glowing silver altar of Zin.
  2933 | D:4      | Noticed an ogre
  2936 | D:4      | Noticed an ogre
  2943 | D:4      | Killed an ogre
  2954 | D:4      | Killed an ogre
  2955 | D:4      | Reached XP level 6. HP: 27/52 MP: 5/5
  3250 | D:4      | Found a snail-covered altar of Cheibriados.
  3447 | D:4      | Found a hazy altar of Hepliaklqana.
  3873 | D:5      | Entered Level 5 of the Dungeon
  4346 | D:4      | Reached XP level 7. HP: 59/59 MP: 6/6
  4603 | D:4      | Killed from afar by an orc priest

Illustrated notes

Levels and vault maps discovered:
D:1:      wander_arrival_lonely_grave, layout_basic, chequers_garden,
          wad_floor_pattern_untrapped, amcnicky_mini_rare_corridor_liquid
D:2:      layout_basic
D:3:      layout_rooms, good_gods_temple_1, evilmike_ruin_ashenzari,
          kennysheep_path_1
D:4:      layout_loops_cross, grunt_temple_overflow_open
D:5:      layout_rooms, lemuel_doored_altar

Skill      XL: |  1  2  3  4  5  6 |
---------------+-------------------+-----
Armour         | 1 2 |  2.6
Dodging        | 3 4 |  4.0
Long Blades    | 3 |  3.9
Fighting       | 3 4 |  4.2
Shields        | 1 2 |  2.2
Throwing       | |  1.7

Action                   |  1- 3 |  4- 6 |  7- 9 || total
-------------------------+-------+-------+-------++-------
Melee: Long sword        |   110 |    18 |       ||   128
       Dagger            |       |   245 |    19 ||   264
Throw: Throwing net      |       |     3 |     1 ||     4
  Use: Scroll            |     3 |     7 |       ||    10
       Potion            |       |     5 |       ||     5
 Stab: Held in net/web   |       |     1 |       ||     1
Armor: Leather armour    |    40 |    75 |     2 ||   117
Dodge: Dodged            |    87 |    95 |     6 ||   188
Block: Buckler           |     3 |    45 |     3 ||    51
       Rpst.: Long sword |    24 |       |       ||    24

Table legend: (Time is in decaauts)
 A = Elapsed time spent in this place.
 B = Non-inter-level travel time spent in this place.
 C = Inter-level travel time spent in this place.
 D = Time resting spent in this place.
 E = Time spent auto-exploring this place.
 F = Levels seen in this place.
 G = Mean time per level.
                   A        B        C        D        E       F      G
               +--------+--------+--------+--------+--------+-----+--------+
         Total |   4624 |   4532 |     92 |    894 |   2759 |   5 |  924.8 |
       Dungeon |   4624 |   4532 |     92 |    894 |   2759 |   5 |  924.8 |
               +--------+--------+--------+--------+--------+-----+--------+

Top non-repeatable levels by time:
     D:4: 1551 daAuts
     D:1: 1124 daAuts
     D:3: 1084 daAuts
     D:2: 862 daAuts
     D:5: 1 daAuts
